 Dungeon Crawl Stone Soup version 0.31-a0-986-g5e6e4ef867 (webtiles) character file.

Game seed: 10634702117328281921

131 AppTheSpectato the Caller (level 5, -3/24 HPs)
             Began as a Vine Stalker Summoner on Nov 14, 2023.
             Succumbed to Robin's poison
             ... on level 3 of the Dungeon.
             The game lasted 00:10:35 (2778 turns).

AppTheSpectato the Caller (Vine Stalker Summoner)   Turns: 2778, Time: 00:10:35

Health: -3/24      AC:  3    Str: 11    XL:     5   Next: 14%
Magic:  1/12       EV: 12    Int: 17    God:
Gold:   163        SH:  0    Dex: 14    Spells: 8/12 levels left

rFire   . . .        (no weapon)
rCold   . . .        (no shield)
rNeg    . . .        a - +0 robe
rPois   .            (no helmet)
rElec   .            l - +0 cloak
rCorr   .            (no gloves)
SInv    .            (no boots)
Will    +....        d - amulet of regeneration
Stlth   ++           j - ring of willpower
HPRegen 1.84/turn    (no ring)
MPRegen 0.13/turn

%: guardian spirit
@: lethally poisoned (-3 -> -21), attractive
A: fangs 2, regeneration 1, magic shield, antimagic bite, no potion heal 2
a: no special abilities


You were on level 3 of the Dungeon.
You visited 1 branch of the dungeon, and saw 3 of its levels.

You collected 163 gold pieces.

Inventory:

Armour
 a - a +0 robe (worn)
 l - a +0 cloak (worn)
Jewellery
 d - an amulet of regeneration (around neck)
 j - a ring of willpower (left hand)
Scrolls
 f - 2 scrolls of identify {unknown}
 g - 3 scrolls of noise {unknown}
 h - 3 scrolls of fog {unknown}
 n - a scroll of teleportation {unknown}
 o - a scroll of blinking {unknown}
Potions
 b - 2 potions of magic
 c - a potion of ambrosia {unknown}
 e - a potion of lignification {unknown}
 i - a potion of attraction
 k - a potion of might {unknown}
 m - 2 potions of experience {unknown}
 p - a potion of invisibility {unknown}


   Skills:
 - Level 1.5 Dodging
 - Level 2.4 Stealth
 + Level 4.0 Spellcasting
 + Level 5.2 Summonings


You had 8 spell levels left.
You knew the following spells:

 Your Spells              Type           Power      Damage    Failure   Level
a - Summon Small Mammal   Summ           84%        N/A       1%          1
b - Call Canine Familiar  Summ           21%        N/A       5%          3

Your spell library contained the following spells:

 Spells                   Type           Power      Damage    Failure   Level
 Call Imp                 Summ           42%        N/A       2%          2
 Summon Guardian Golem    Hex/Summ       12%        N/A       16%         3
 Sigil of Binding         Hex            3%         N/A       43%         3
 Volatile Blastmotes      Fire/Tloc      6%         2d10      43%         3
 Summon Lightning Spire   Summ/Air       12%        N/A       47%         4
 Dimensional Bullseye     Hex/Tloc       1%         N/A       83%         4
 Fulminant Prism          Conj/Hex       1%         3d5       83%         4
 Iskenderun's Mystic Bla  Conj/Tloc      3%         2d3       83%         4
 Leda's Liquefaction      Hex/Erth       1%         N/A       83%         4
 Summon Forest            Summ/Tloc      6%         N/A       83%         5
 Eringya's Noxious Bog    Tmut/Pois      1%         4d6       100%        6
 Summon Hydra             Summ           10%        N/A       100%        7


Dungeon Overview and Level Annotations

Branches:
Dungeon (3/15)

Altars:
Makhleb

Shops:
D:2 :

Annotations:
D:3 Robin


Innate Abilities, Weirdness & Mutations

You have extremely sharp teeth.
Your natural rate of healing is unusually fast.
When hurt, damage is shared between your health and your magic reserves.
Your bite disrupts and absorbs the magic of your enemies.
Potions cannot restore your health.


Message History

Robin throws the goblin at you! The goblin hits you but does no damage.
Your quokka bites the goblin.
The goblin dies!
You see here a +0 dagger.
You swap places.
Robin says, "Kneel, worm!"
Your quokka bites Robin but does no damage.
There is a stone staircase leading up, spattered with blood here.
Items here: ))) ††.
You swap places.
Your quokka closely misses Robin.
Robin closely misses you.
You see here a +0 dagger.
You swap places.
Robin hits you with a +4 spear of venom.
You are poisoned.
You hit Robin.
Robin is lightly wounded.
You feel sick.
Robin hits you with a +4 spear of venom.
You are more poisoned.
You hit Robin but do no damage. You bite Robin, but do no damage.
Robin is lightly wounded.
You feel sick.
Robin says, "My army is invincible!"
Robin hits you with a +4 spear of venom.
You are more poisoned.
You hit Robin but do no damage.
You feel very sick.
Robin hits you with a +4 spear of venom.
You are lethally poisoned!
You swap places.
* * * LOW HITPOINT WARNING * * *
You feel very sick.
Your quokka bites Robin.
Robin hits you from afar with a +4 spear of venom.
* * * LOW HITPOINT WARNING * * *
You are more poisoned.
You see here a +0 dagger.
It was a potion of attraction.
You feel attractive to monsters.
You die...

########....<.# #...# #####
######.# #...# ######## #.# #...#
.......# #.# #...# ## #b##.#.#
#.# ###...######.
#.##.#.#######.# #............
..##...........# ##.......####g
#.##.#.#############........####.
#.>..#.# #@rg)).....)....#.
.......# #r###........##.#.
######## #.# ##.......##.#. #.#
#............ ##.## #.##.##.##.##
#...###.......##.#
#....#####.#####.# #............#
#.# #.##.##......# #..


You could see Robin (ally target), a friendly quokka (summoned) and a friendly
rat (summoned).

Vanquished Creatures
  Jessica (D:3)
  Terence (D:2)
  2 adders (D:3)
  A worm (D:3)
  3 goblins (D:3)
  2 hobgoblins (D:3)
  A jackal (D:1)
  A quokka (D:3)
  A ball python (D:2)
  A kobold (D:1)
14 creatures vanquished.

Vanquished Creatures (collateral kills)
  A dart slug (D:1)
  4 ball pythons
  4 bats
  2 endoplasms
  A giant cockroach (D:1)
  9 goblins
  3 hobgoblins
  3 jackals (D:1)
  4 kobolds
  3 frilled lizards
  5 rats
39 creatures vanquished.

Grand Total: 53 creatures vanquished

Notes
Turn   | Place    | Note
-------+----------+-------------------------------------------
     0 | D:1      | AppTheSpectato the Vine Stalker Summoner began the quest
                  | for the Orb.
     0 | D:1      | Reached XP level 1. HP: 9/9 MP: 4/4
   260 | D:1      | Reached XP level 2. HP: 13/13 MP: 3/6
   801 | D:1      | Found a faded altar of an unknown god.
   930 | D:1      | Reached XP level 3. HP: 16/16 MP: 6/8
  1050 | D:2      | Learned a level 3 spell: Call Canine Familiar
  1238 | D:2      | Found a burning altar of Makhleb.
  1436 | D:2      | Found Biju's Book Shoppe.
  1963 | D:3      | Noticed Terence
  2277 | D:2      | Killed Terence
  2278 | D:2      | Reached XP level 4. HP: 14/21 MP: 2/10
  2413 | D:3      | Noticed Jessica
  2431 | D:3      | Killed Jessica
  2432 | D:3      | Reached skill level 5 in Summonings
  2652 | D:3      | Reached XP level 5. HP: 24/24 MP: 8/11
  2719 | D:3      | Noticed Robin
  2778 | D:3      | Succumbed to Robin's poison

Illustrated notes

Levels and vault maps discovered:
D:1:      minmay_arrival_open_corners, layout_loops_ring,
          dilly_ecumenical_altar_fadedgnrine, serial_rivers,
          chequers_serial_rivers_micro_b, chequers_serial_rivers_micro_c,
          chequers_serial_rivers_micro_e, chequers_serial_rivers_room_a,
          fountainhead
D:2:      layout_rooms, basic_altar, serial_shops, shop,
          serial_co_window_serial, co_window_paths_a, co_window_corner_a,
          co_window_of_opportunity_a, co_window_paths_b, co_window_paths_a,
          co_window_corner_a, co_window_corner_a, co_window_paths_a,
          co_window_paths_b, co_window_broadway_c, co_window_corner_ca,
          co_window_broadway_b, co_window_corner_b, co_window_unsneaky_path_c,
          co_window_of_opportunity_b, co_window_paths_e, glass_columns_c,
          glass_columns_b, glass_columns_b
D:3:      layout_loops_cross, uniq_jessica, uniq_terence, uniq_robin,
          uniq_grinder

Skill      XL: |  1  2  3  4  5 |
---------------+----------------+-----
Spellcasting   | 3 4 |  4.0
Summonings     | 5 |  5.2
Dodging        | |  1.5
Stealth        | |  2.4

Action                     |  1- 3 |  4- 6 || total
---------------------------+-------+-------++-------
  Melee: Unarmed           |    57 |    35 ||    92
         Bite              |    20 |    17 ||    37
         Punch             |     1 |     2 ||     3
   Cast: Summon Small Mamm |    77 |    26 ||   103
    Use: Potion            |       |     1 ||     1
   Stab: Sleeping          |     1 |     1 ||     2
 Armour: Robe              |    45 |    28 ||    73
  Dodge: Dodged            |    75 |    15 ||    90

Table legend: (Time is in decaauts)
 A = Elapsed time spent in this place.
 B = Non-inter-level travel time spent in this place.
 C = Inter-level travel time spent in this place.
 D = Time resting spent in this place.
 E = Time spent auto-exploring this place.
 F = Levels seen in this place.
 G = Mean time per level.
                   A        B        C        D        E       F      G
               +--------+--------+--------+--------+--------+-----+--------+
         Total |   2780 |   2746 |     34 |    120 |   1884 |   3 |  926.7 |
       Dungeon |   2780 |   2746 |     34 |    120 |   1884 |   3 |  926.7 |
               +--------+--------+--------+--------+--------+-----+--------+

Top non-repeatable levels by time:
     D:2: 1115 daAuts
     D:1: 1003 daAuts
     D:3: 661 daAuts
